 Dungeon Crawl Stone Soup version 0.28.0-45-g0d030f2227 (webtiles) character file.

Game seed: 11187892237640583006

12827 Peloso the Carver (level 11, -1/97 HPs)
             Began as a Minotaur Fighter on Apr 10, 2022.
             Was a Follower of Okawaru.
             Slain by a steam dragon (8 damage)
             ... summoned by a glowing orange brain
             ... in a Gauntlet.
             The game lasted 00:34:17 (13419 turns).

Peloso the Carver (Minotaur Fighter)               Turns: 13419, Time: 00:34:18

Health: -1/97      AC: 12    Str: 24      XL:     11   Next: 67%
Magic:  10/10      EV:  9    Int:  4 (5)  God:    Okawaru [*.....]
Gold:   301        SH:  0    Dex: 17      Spells: 10/10 levels left

rFire   . . .      SeeInvis .   a - +1 long sword
rCold   + . .      Faith    .   d - +1 buckler {rC+}
rNeg    . . .      Spirit   .   E - +0 plate armour
rPois   .          Reflect  +   (helmet restricted)
rElec   .          Harm     .   (no cloak)
rCorr   .          Rampage  .   v - +0 pair of gloves
Will    +....      NoTele   +   (no boots)
Stlth   ..........              z - amulet of reflection
HPRegen 0.26/turn               e - +6 ring of dexterity
MPRegen 0.12/turn               F - ring of willpower

@: confused, corroded
A: horns 2, retaliatory headbutt
a: Renounce Religion, Heroism


You were in a Gauntlet.
You worshipped Okawaru.
Okawaru was aware of your devotion.
You visited 3 branches of the dungeon, and saw 11 of its levels.
You also visited: Sewer and Gauntlet.

You collected 476 gold pieces.
You spent 175 gold pieces at shops.

Inventory:

Hand Weapons
 a - a +1 long sword (weapon)
Missiles
 p - 4 throwing nets (quivered)
Armour
 c - a +0 buckler
 d - a +1 buckler of cold resistance (worn)
 j - a +0 scale mail
 v - a +0 pair of gloves (worn)
 E - a +0 plate armour (worn)
Magical Staves
 b - a staff of fire
Jewellery
 e - a +6 ring of dexterity (left hand)
 h - a +4 ring of evasion
 m - a ring of poison resistance
 z - an amulet of reflection (around neck)
 A - a ring of protection from cold
 F - a ring of willpower (right hand)
Wands
 H - a wand of iceblast (6)
Scrolls
 f - 2 scrolls of immolation {unknown}
 g - 5 scrolls of enchant weapon
 i - 4 scrolls of teleportation
 n - 2 scrolls of fog
 t - a scroll of noise
 y - a scroll of magic mapping
 B - a scroll of vulnerability {unknown}
 D - a scroll of blinking {unknown}
 G - a scroll of fear {unknown}
Potions
 k - a potion of might
 l - 2 potions of brilliance
 o - 2 potions of flight
 q - a potion of ambrosia
 r - 2 potions of resistance
 s - 4 potions of magic
 w - 2 potions of curing
 x - a potion of haste
 C - 2 potions of lignification {unknown}


   Skills:
 + Level 9.1 Fighting
 + Level 13.2 Long Blades
 + Level 11.6 Armour
 + Level 5.5 Dodging
 + Level 1.6 Stealth
 + Level 10.9 Shields


You had 10 spell levels left.
You didn't know any spells.
Your spell library contained the following spells:

 Spells                   Type           Power      Damage    Failure   Level
 Sandblast                Erth           0%         2d4       100%        1
 Passwall                 Tmut/Erth      0%         N/A       100%        2
 Sublimation of Blood     Necr           0%         N/A       100%        2
 Wereblood                Tmut           0%         N/A       100%        2
 Stone Arrow              Conj/Erth      0%         3d7       100%        3
 Airstrike                Air            0%         N/A       100%        4
 Anguish                  Hex/Necr       0%         N/A       100%        4
 Passage of Golubria      Tloc           0%         N/A       100%        4
 Blade Hands              Tmut           0%         N/A       100%        5
 Iskenderun's Battlesphe  Conj           0%         2d6       100%        5
 Lightning Bolt           Conj/Air       0%         1d11      100%        5
 Silence                  Hex/Air        0%         N/A       100%        5
 Eringya's Noxious Bog    Tmut/Pois      0%         N/A       100%        6
 Iron Shot                Conj/Erth      0%         9d1       100%        6
 Enfeeble                 Hex            0%         N/A       100%        7
 Lehudib's Crystal Spear  Conj/Erth      0%         10d2      100%        8
 Tukima's Dance           Hex            Unusable   N/A       N/A         3
 Animate Armour           Summ/Erth      Unusable   N/A       N/A         4
 Summon Lightning Spire   Summ/Air       Unusable   N/A       N/A         4
 Summon Forest            Summ/Tloc      Unusable   N/A       N/A         5
 Spellforged Servitor     Conj/Summ      Unusable   N/A       N/A         7
 Summon Hydra             Summ           Unusable   N/A       N/A         7

Dungeon Overview and Level Annotations

Branches:
Dungeon (9/15)             Temple (1/1) D:7            Lair (1/6) D:9
    Orc (0/2) D:9           Sewer (visited)         Gauntlet (1/1)

Altars:
Ashenzari
Cheibriados
Dithmenos
Elyvilon
Fedhas
Gozag
Hepliaklqana
Kikubaaqudgha
Makhleb
Nemelex Xobeh
Okawaru
Qazlal
Ru
Sif Muna
Trog
Uskayaw
Wu Jian
Xom
Yredelemnul
Zin
The Shining One

Shops:
D:5 *:

Annotations:
D:3 2 runed translucent doors, duchin's ghost, weakling MiGl
D:7 2 transporters
D:8 2 runed translucent doors, exclusion: orange crystal statue, Gastronok
D:9 3 runed translucent doors Gauntlet 7 transporters


Innate Abilities, Weirdness & Mutations

You have a pair of horns on your head.
You reflexively headbutt those who attack you in melee.


Message History

Your headbutt misses the brown ugly thing.
The brown ugly thing is heavily wounded.
The brown ugly thing tail-slaps you.
You are splashed with acid!
You slash the brown ugly thing! You headbutt the brown ugly thing!
The brown ugly thing is almost dead.
The glowing orange brain pulsates.
You are confused.
You bump into the stone wall.
The brown ugly thing tail-slaps you but does no damage.
You bump into the translucent stone wall.
The brown ugly thing tail-slaps you.
You are splashed with acid!
You bump into the stone wall.
The brown ugly thing tail-slaps you! The acid corrodes you!
You are splashed with acid!
You hit the brown ugly thing.
The brown ugly thing is almost dead.
The brown ugly thing tail-slaps you but does no damage.
The brown ugly thing tail-slaps you.
* * * LOW HITPOINT WARNING * * *
You are splashed with acid!
* * * LOW HITPOINT WARNING * * *
The glowing orange brain blinks!
You are too confused!
You barely miss the brown ugly thing. You headbutt the brown ugly thing!
You kill the brown ugly thing!
Okawaru accepts your kill.
The glowing orange brain pulsates.
You are more confused.
You closely miss the steam dragon. The steam dragon breathes steam at you.
The ball of steam hits you.
* * * LOW HITPOINT WARNING * * *
You're too confused to move!
You are engulfed in a cloud of scalding steam.
The steam dragon bites you!
* * * LOW HITPOINT WARNING * * *
The steam dragon barely misses you.
You bump into the translucent stone wall.
You are engulfed in a cloud of scalding steam.
The steam dragon bites you!
You die...

## ### ### ### ### ##
##≈###≈###≈###≈###≈###≈
#≈≈≈#≈≈≈#≈≈≈#≈≈≈#≈≈≈#≈≈
#≈....................
##.#########...#######
##≈.#GZ...#©#.8.##.#.#.
#≈≈.#D###.#.#...#.#.#.# #.
##≈.#.@.#...######.#.#. #.8
##.###§#####©.©#©#.#.#
....##..#©#.§.uG#.8.##.#©#.
#.8.#...#?#####.#...#.#.#.#
#...#.∩.#[}.....#.8.##.#.#.
#.©.#...#########...#######
....#.8.....#.....8.#......
#.©.#...#########...#######
#...#.∩.#x.##xx*#.8.###4.##


You could see a glowing orange brain and a steam dragon (summoned).

Vanquished Creatures
  A glowing orange brain (Gauntlet)
  2 ugly things (Gauntlet)
  A cyclops (D:9)
  A moth of wrath (Gauntlet)
  A cane toad (Lair:1)
  Maggie (Lair:1)
  Psyche (D:9)
  An unseen horror (D:6)
  2 kobold demonologists (D:9)
  2 trolls (D:9)
  A wolf spider simulacrum (Gauntlet)
  A hornet (D:9)
  3 slime creatures (D:8)
  2 centaur simulacra (Gauntlet)
  A wyvern (D:8)
  Sigmund (D:2)
  4 steam dragons
  5 yaks (D:9)
  4 water moccasins
  A black bear (D:6)
  5 orc warriors (D:9)
  An ice beast (D:5)
  A hornet zombie (D:8)
  3 necrophages
  4 ogres
  4 centaurs
  5 wolves (Gauntlet)
  2 phantoms
  9 kobold brigands
  4 bullfrogs
  A gnoll sergeant (D:9)
  2 scorpions
  A hornet simulacrum (Gauntlet)
  A wyvern zombie (D:5)
  A water moccasin skeleton (D:5)
  15 killer bees
  A bullfrog zombie (D:5)
  2 centaur zombies
  3 jellies
  7 orc priests
  2 gnoll shamans
  A hound (D:6)
  6 iguanas
  11 orc wizards
  A killer bee zombie (D:8)
  A hound skeleton (D:4)
  A howler monkey zombie (D:5)
  16 gnolls
  4 adders
  2 shadow imps (D:8)
  An ufetubus (D:6)
  5 worms
  5 dart slugs
  30 orcs
  11 bats
  5 endoplasms
  2 giant cockroaches
  10 goblins
  2 hobgoblins
  5 jackals
  2 quokkas
  5 ball pythons
  6 frilled lizards
  16 kobolds
  A quokka skeleton (D:4)
  5 rats
264 creatures vanquished.

Vanquished Creatures (others)
  A demonic plant (Gauntlet)
  2 fungi
  9 plants
12 creatures vanquished.

Grand Total: 276 creatures vanquished

Notes
Turn   | Place    | Note
-------+----------+-------------------------------------------
     0 | D:1      | Peloso the Minotaur Fighter began the quest for the Orb.
     0 | D:1      | Reached XP level 1. HP: 19/19 MP: 0/0
   223 | D:1      | Reached XP level 2. HP: 20/27 MP: 1/1
   963 | D:2      | Noticed Sigmund
  1013 | D:2      | Reached XP level 3. HP: 27/33 MP: 2/2
  1382 | D:3      | Found a large runed translucent door.
  1382 | D:3      | Found a large runed translucent door.
  1386 | D:3      | Noticed duchin's ghost (weakling MiGl)
  1416 | D:3      | Reached skill level 3 in Long Blades
  1416 | D:3      | Reached XP level 4. HP: 27/41 MP: 3/3
  1598 | D:3      | Reached skill level 4 in Long Blades
  2266 | D:4      | Reached XP level 5. HP: 47/47 MP: 4/4
  2457 | D:4      | Reached skill level 5 in Fighting
  2459 | D:4      | Reached skill level 1 in Dodging
  2722 | D:4      | Noticed a phantom
  2756 | D:4      | Reached skill level 5 in Armour
  2761 | D:4      | Killed a phantom
  2762 | D:4      | Reached XP level 6. HP: 15/56 MP: 5/5
  3032 | D:4      | Found a bloodstained altar of Trog.
  3364 | D:2      | Found a hazy altar of Hepliaklqana.
  3607 | D:2      | Killed Sigmund
  3608 | D:2      | Reached skill level 5 in Long Blades
  3608 | D:2      | Reached XP level 7. HP: 61/61 MP: 6/6
  4107 | D:5      | Entered Level 5 of the Dungeon
  4117 | D:5      | Reached skill level 6 in Long Blades
  4139 | D:5      | Found Uvvoutor's General Store.
  4174 | D:5      | HP: 1/61 [orc priest/divine providence (10)]
  4282 | D:5      | Reached skill level 7 in Long Blades
  4282 | D:5      | Reached XP level 8. HP: 34/70 MP: 7/7
  4370 | D:5      | Found Waph's Self-Improvement Boutique.
  4450 | D:5      | Reached skill level 5 in Shields
  4507 | D:5      | Found a glowing drain.
  4516 | Sewer    | Entered a sewer
  4707 | Sewer    | Reached skill level 8 in Long Blades
  5135 | D:5      | Bought a potion of degeneration for 10 gold pieces
  5312 | D:6      | Reached skill level 1 in Stealth
  5731 | D:6      | Reached XP level 9. HP: 69/78 MP: 8/8
  5742 | D:6      | Reached skill level 9 in Long Blades
  6033 | D:6      | Killed an unseen horror
  7099 | D:7      | Reached skill level 10 in Long Blades
  7183 | D:7      | Found a transporter.
  7727 | D:7      | Found a staircase to the Ecumenical Temple.
  7756 | D:7      | Found a transporter.
  8711 | D:8      | Noticed Gastronok
  8857 | D:8      | Reached XP level 10. HP: 78/86 MP: 9/9
  8963 | D:8      | Found a runed translucent door.
  8966 | D:8      | Noticed an orange crystal statue
  8969 | D:8      | Found the +10 tower shield of Ignorance {rN+ Int-4}
  8987 | D:8      | Found a runed translucent door.
  9362 | D:9      | Found a burning altar of Makhleb.
  9368 | D:9      | Identified the +7 whip "Goblinbane" {vorpal, Str+5 Dex-2}
  9402 | D:9      | Reached skill level 5 in Dodging
  9794 | D:9      | Noticed a cyclops
  9809 | D:9      | Killed a cyclops
  9810 | D:9      | Reached skill level 11 in Long Blades
  9810 | D:9      | Reached skill level 10 in Armour
 10132 | D:9      | Noticed Psyche
 10145 | D:9      | Killed Psyche
 10370 | D:9      | Noticed an orange demon
 10381 | D:9      | Noticed a rust devil
 10386 | D:9      | Reached skill level 12 in Long Blades
 10529 | D:9      | Reached XP level 11. HP: 93/94 MP: 10/10
 10731 | D:9      | Found a runed translucent gate.
 10731 | D:9      | Found a runed translucent gate.
 10732 | D:9      | Found a runed translucent gate.
 10732 | D:9      | Noticed a cyan ugly thing
 10732 | D:9      | Noticed a white ugly thing
 10732 | D:9      | Noticed a green ugly thing
 10735 | D:9      | Noticed a white ugly thing
 10735 | D:9      | Noticed a purple ugly thing
 10769 | D:9      | Found a sparkling altar of Nemelex Xobeh.
 10843 | D:9      | Found a staircase to the Orcish Mines.
 10925 | D:9      | Reached skill level 10 in Shields
 11236 | D:9      | Noticed a glowing orange brain
 11346 | D:9      | Found a staircase to the Lair.
 11567 | Temple   | Entered the Ecumenical Temple
 11733 | Temple   | Became a worshipper of Warmaster Okawaru
 11806 | D:5      | Bought a +1 buckler of cold resistance for 165 gold pieces
 12060 | D:8      | Found a sacrificial altar of Ru.
 12397 | Lair:1   | Entered Level 1 of the Lair of Beasts
 12397 | Lair:1   | Noticed Maggie
 12407 | Lair:1   | Killed Maggie
 12486 | Lair:1   | Found a gate leading to a gauntlet.
 12500 | Gauntlet | Entered a Gauntlet
 12500 | Gauntlet | Found a transporter.
 12500 | Gauntlet | Found a transporter.
 12503 | Gauntlet | Found a transporter.
 12503 | Gauntlet | Found a transporter.
 12507 | Gauntlet | Found a transporter.
 12507 | Gauntlet | Found a transporter.
 12544 | Gauntlet | Found a transporter.
 12548 | Gauntlet | Found a transporter.
 12559 | Gauntlet | Noticed a wretched star
 12561 | Gauntlet | Found a transporter.
 12576 | Gauntlet | Noticed a glowing orange brain
 12577 | Gauntlet | Found a transporter.
 12577 | Gauntlet | Noticed a brown ugly thing
 12577 | Gauntlet | Noticed a brown ugly thing
 12580 | Gauntlet | Noticed a glowing orange brain
 12581 | Gauntlet | Found a runed translucent door.
 12595 | Gauntlet | Found a transporter.
 12596 | Gauntlet | Found a transporter.
 13021 | Gauntlet | HP: 2/95 [centaur warrior simulacrum (9)]
 13024 | Gauntlet | Reached skill level 13 in Long Blades
 13384 | Gauntlet | Killed a white ugly thing
 13394 | Gauntlet | Killed a glowing orange brain
 13394 | Gauntlet | Reached * piety under Okawaru
 13415 | Gauntlet | Killed a brown ugly thing
 13419 | Gauntlet | Slain by a steam dragon

Illustrated notes

Levels and vault maps discovered:
D:1:      lightli_molten_gateway, layout_loops_cross, chequers_big_river,
          minmay_misc_feat_encased
D:2:      layout_basic, basic_altar, minmay_unequal, uniq_sigmund
D:3:      layout_basic, ebering_ghost_disaster_area
D:4:      kennysheep_six_static_rooms, layout_basic, bloody_trog
D:5:      layout_rooms, cheibrodos_sewer_entry_bend, serial_shops,
          nicolae_shop_advertising_works [nicolae_subvault_shop_adworks],
          nicolae_shop_self_help
D:6:      layout_gridville
D:7:      gammafunk_cloud_chamber, layout_layer_cave,
          minmay_temple_entry_proselytizer, minivault_27
D:8:      layout_basic, lemuel_doored_altar, chequers_guarded_unrand_ignorance,
          uniq_gastronok
D:9:      layout_long_grid, bloody_makhleb, nemelex_diamond_rough_becter,
          grunt_lair_entry_orc_guard_hut,
          kennysheep_orc_monster_closet_entryway,
          ploomutoo_gammafunk_ghost_potion_laboratory, grunt_ministairs_11,
          minmay_liquid_box, uniq_psyche
Temple:   bh_familiar_temple
Lair:1:   layout_cave_pods, gauntlet_entry_generic, uniq_maggie
Gauntlet: minmay_gauntlet_77_indecision [minmay_gauntlet_arena_77_museum,
          minmay_gauntlet_arena_77_two_paths, minmay_gauntlet_arena_77_mess,
          minmay_gauntlet_arena_77_checkered, minmay_gauntlet_arena_77_squiggly,
          minmay_gauntlet_arena_77_path, gauntlet_exit_watery]

Skill      XL: |  1  2  3  4  5  6  7  8  9 10 11 |
---------------+----------------------------------+-----
Fighting       | 4 5 6 7 8 9 |  9.1
Armour         | 4 5 6 7 9 10 11 | 11.6
Shields        | 4 5 7 9 10 | 10.9
Long Blades    | 3 4 5 7 8 10 12 13 | 13.2
Dodging        | 2 3 4 5 |  5.5
Stealth        | 1 |  1.6

Action                   |  1- 3 |  4- 6 |  7- 9 | 10-12 || total
-------------------------+-------+-------+-------+-------++-------
Melee: Long sword        |    81 |    78 |   326 |   443 ||   928
       Headbutt          |     8 |    15 |    77 |   106 ||   206
  Use: Potion            |       |       |     2 |     3 ||     5
       Scroll            |       |       |     6 |     4 ||    10
Armor: Scale mail        |    25 |    17 |   108 |    18 ||   168
       Plate armour      |       |       |       |   118 ||   118
Dodge: Dodged            |    45 |    70 |   224 |   144 ||   483
Block: Buckler           |    26 |    23 |   161 |   261 ||   471
       Reflection        |       |       |     4 |     3 ||     7
